[Event "*** Titled Tuesday 3|2 Blitz"]
[Site "Chess.com"]
[Date "2017.05.02"]
[Round "9"]
[White "WeiYi1999"]
[Black "JusticeBot"]
[Result "0-1"]
[WhiteElo "2070"]
[BlackElo "2489"]
[TimeControl "180+2"]
[EndTime "15:01:51 PDT"]
[Termination "JusticeBot won by resignation"]

1. e4 e5 2. Nf3 Nc6 3. Bc4 Nf6 4.
Ng5 d5 5. exd5 b5 6. Bf1 Nd4 7. c3 Nxd5 8. cxd4 Qxg5 9. Bxb5+ Kd8 10. O-O Bb7 11. Qf3 Rb8 12. dxe5 Ne3 13. Qh3 Qxg2+ 14. Qxg2 Nxg2 15. d4 Be7 16. f4 Nh4 17. f5 Nf3+ 18. Kf2 Nxd4 19. Rd1 c5 20. Be3 Kc7 21. Nc3 Bh4+ 22.
Kf1 Nc2 23. Rd7+ Kb6 24. Bxc5+ Kxc5 25. Rc1 Ne3+ 26. Ke2 Nxf5 27. a4 Nd4+ 28. Kf1 Nxb5 29. Nxb5+ Kb4 30. Rd4+ Ka5 31. Rxh4 Ba6 32. Rf4 Rhf8 33.
Kg2 Bxb5 34. Rc5 a6 35. axb5 Rxb5 36. Rc7 Rxb2+ 37. Kg3 Re2 38. Rfxf7 Rxf7 39. Rxf7 Rxe5 40.
Rxg7 h5 41. h4 Kb4 42. Kf4 Rb5 43. Ke4 a5 44. Kd4 a4 45. Kd3 Kb3 46. Rg1 a3 47. Rb1+ Ka4 48. Ra1 Rb4 49. Kc3 Rxh4 50. Rf1 Rh3+ 51.
Kc2 Rh2+ 52. Kb1 h4 53. Rf4+ Kb5 54. Rf5+ Kc4 55. Rf4+ Kd5 56. Rf3 Rh1+ 57. Ka2 h3 58. Kxa3 h2 59. Kb2 Rg1 60. Rf5+ Ke4 61. Rh5 h1=Q 62.
Rxh1 Rxh1 0-1

[Event "*** Titled Tuesday 3|2 Blitz"]
[Site "Chess.com"]
[Date "2017.05.02"]
[Round "9"]
[White "SCIM"]
[Black "David_Klein"]
[Result "0-1"]
[WhiteElo "2381"]
[BlackElo "2489"]
[TimeControl "180+2"]
[EndTime "15:03:25 PDT"]
[Termination "David_Klein won by checkmate"]

1. d4 Nf6 2. c4 e6 3. Nc3 Bb4 4. Qc2 c5 5. dxc5 Bxc5 6. Nf3 b6 7. Bf4 Bb7 8. e3 a6 9. Rd1 Nc6 10. a3 h6 11. Be2 O-O 12. O-O Rc8 13. Rd2 Nh5 14.
Bd6 Bxd6 15. Rxd6 Qe7 16. Rfd1 Rc7 17. b4 Nf6 18. b5 Na5 19. Ne5 Rfc8 20. Rxb6 Qc5 21.
Rxb7 Rxb7 22. bxa6 Ra7 23. Nb5 Rxa6 24. Nxd7 Nxd7 25. Rxd7 Raa8 26. Nd6 Rd8 27. Rxd8+ Rxd8 28. Nb5 Rc8 29. g3 Nxc4 30. Nd4 Nxa3 31. Qb3 Nc2 32.
Nf3 Qc3 33. Qb7 Rd8 34. Kg2 Ne1+ 35. Nxe1 Qxe1 36. Bh5 Rf8 37. Bf3 Qc3 38. h4 Qf6 39. Qe4 Rd8 40. Qb7 Qe5 41. Qe7 Qd6 42. Qb7 Qd7 43. Qb6 Qd6 44. Qb7 Qd7 45. Qb6 Qe7 46. h5 Rd6 47. Qb8+ Rd8 48. Qb6 Qd6 49. Qb7 Qd7 50.
Qb6 Rc8 51. Qa6 Qc7 52. Qb5 Rb8 53. Qa6 Rd8 54. Qb5 Qd6 55. Qb7 Rb8 56. Qa7 Kf8 57.
Qa5 Qd8 58. Qc5+ Qe7 59. Qc2 f5 60. Qc6 Kf7 61. Qc4 Rd8 62. g4 fxg4 63. Bxg4 Rd5 64.
Bf3 Rg5+ 65. Kf1 Rf5 66. Bg4 Rf6 67. Kg2 Qd7 68. Kg3 Qd6+ 69. f4 Kg8 70. Qc8+ Kh7 71. Qc2+ Kg8 72. Qc8+ Kf7 73. Qb7+ Qe7 74. Qe4 Kf8 75.
Qa8+ Qe8 76. Qb7 e5 77. Qb4+ Kg8 78. Qc4+ Kh8 79. f5 e4 80. Kf4 Rc6 81. Qxe4 Qb8+ 82. Kf3 Rb6 83. Qf4 Qd8 84. Bh3 Qd5+ 85. Qe4 Qd1+ 86. Kg3 Qg1+ 87. Bg2 Qe1+ 88. Kh3 Rf6 89. Qe8+ Kh7 90. Qe4 Qe2 91. Kg3 Qxh5 92. Bf3 Qg5+ 93. Qg4 Qxe3 94. Qh5 Qe5+ 95. Kg4 Qd4+ 96. Kg3 Qg1+ 97.
Kf4 Qc1+ 98. Kg4 Qe3 99. Kg3 Qe5+ 100. Kg4 g6 101. fxg6+ Rxg6+ 102. Kh4 Qg3# 0-1

[Event "*** Titled Tuesday 3|2 Blitz"]
[Site "Chess.com"]
[Date "2017.05.02"]
[Round "9"]
[White "stepanosinovsky"]
[Black "Vegan4future"]
[Result "1-0"]
[WhiteElo "2234"]
[BlackElo "2273"]
[TimeControl "180+2"]
[EndTime "15:03:27 PDT"]
[Termination "stepanosinovsky won by resignation"]

1. e4 e5 2. Nf3 d6 3. d4 exd4 4.
Nxd4 g6 5. h4 h5 6. Bg5 Be7 7.
Qd2 Bxg5 8. hxg5 Qe7 9. Nc3 c6 10. O-O-O Nd7 11. Bb5 c5 12. Nd5 Qd8 13. Rhe1 a6 14.
Bxd7+ Bxd7 15. e5 cxd4 16. exd6+ Kf8 17. Qxd4 Rh7 18. f4 Rc8 19. Ne7 h4 20. Nxc8 Qxc8 21. Re5 h3 22. Rc5 Qd8 23. gxh3 Rxh3 24. Rc7 Rh2 25. Rxb7 Bf5 26. Rc7 Qxc7 27. dxc7 Rxc2+ 28. Kb1 Rd2+ 29. Ka1 Rxd4 30. Rxd4 Kg7 31. Rd8 Ne7 32.
b4 Nc8 33. Kb2 f6 34. a4 fxg5 35. fxg5 Kf7 36. Kc3 Ke7 37. Rh8 Nb6 38. a5 Nd5+ 39. Kd4 Nxc7 40. Ke5 Kd7 41. Rb8 Kc6 42. Rb6+ Kd7 43.
Rd6+ Ke7 44. Rc6 Kd7 45. Rb6 Ke7 46. Kd4 Kd7 47. Kc5 Ne6+ 48. Kc4 Bg4 49. Kd5 Nc7+ 50. Ke4 Bf5+ 51. Ke5 Ke7 52. Rd6 Bb1 53. Rd2 Bf5 54.
Rh2 Kd7 55. Rh8 Kc6 56. Rb8 Nd5 57. Kd4 Nc7 58. Ke5 Nd5 59. Kd4 Nc7 60. Rb6+ Kd7 61. Rf6 Ne6+ 62. Kd5 Ke7 63. Ke5 Nc7 64. Rb6 Kd7 65. Rb8 Kc6 66. Kf6 Nd5+ 67. Kf7 Nc7 68. Ke7 Bd3 69. Rb6+ Kd5 70. Kd7 Ne6 71. Rd6+ Kc4 72.
Rxe6 Kxb4 73. Re5 Bb5+ 74. Kd6 Bd3 75. Kc7 Bb5 76. Kb6 Bd3 77. Re7 Kc3 78. Rd7 Bf1 79. Rc7+ Kd4 80. Rc6 Bd3 81. Rd6+ Ke3 82. Rxd3+ Kxd3 83. Kxa6 Ke4 84. Kb7 Kf5 85. a6 Kxg5 86. a7 Kf4 87.
a8=Q g5 88. Qa1 g4 89. Qg1 Kf3 90. Kc6 g3 91. Kd5 g2 92. Ke5 Kg3 93. Ke4 Kh3 94. Kf4 Kh4 1-0

[Event "*** Titled Tuesday 3|2 Blitz"]
[Site "Chess.com"]
[Date "2017.05.02"]
[Round "9"]
[White "penguingm1"]
[Black "biostatistician"]
[Result "0-1"]
[WhiteElo "2573"]
[BlackElo "2432"]
[TimeControl "180+2"]
[EndTime "15:05:27 PDT"]
[Termination "biostatistician won on time"]

1. d4 Nf6 2. c4 g6 3. f3 Bg7 4. e4 O-O 5. Nc3 c5 6. d5 d6 7. Nge2 e6 8. Ng3 exd5 9. cxd5 a6 10. a4 Nbd7 11. Be2 Ne5 12. O-O h5 13. h3 Re8 14. Bg5 Qb6 15. Qd2 Qb4 16. a5 Nc4 17. Bxc4 Qxc4 18. Ra4 Qb3 19. Nge2 Nh7 20. Bh6 Bxh6 21. Qxh6 Bd7 22. Ra3 Qxb2 23. Raa1 Bb5 24. Rfb1 Qc2 25. Rc1 Qd3 26. Rd1 Qc4 27. Rac1 Qb4 28.
Nf4 Qxa5 29. g4 hxg4 30. hxg4 Qd8 31. e5 Qg5 32. Qxg5 Nxg5 33. exd6 Rad8 34. Kf2 Rxd6 35. Rb1 c4 36. Re1 Rxe1 37. Rxe1 Kf8 38. Re5 Nh7 39. Ne4 Rd8 40. d6 Re8 41. Rc5 Rd8 42. Nd5 Bc6 43.
Ke3 Kg7 44. Kd4 Bxd5 45. Kxd5 Nf6+ 46. Nxf6 Kxf6 47. Rxc4 a5 48. Rf4+ Kg7 49. Ra4 Ra8 50. Kc5 Kf6 51. Kb6 Ke6 52. Kc7 b5 53. Re4+ Kd5 54.
d7 b4 55. Re3 a4 56. Re8 Ra7+ 57. Kc8 Rxd7 58. Kxd7 b3 59. Rb8 Kc4 60. Ke7 a3 61. Kxf7 a2 62. Ra8 b2 63. Rxa2 b1=Q 64. Ra4+ Kd5 65.
Ra5+ Kd4 66. Kg7 Ke3 67. Ra3+ Kf4 68. Ra4+ Kxf3 69. Kh6 Kg3 70. g5 Qf5 71. Ra3+ Kg4 72. Ra4+ Kf3 73. Ra3+ Ke4 74. Ra4+ Kd3 75. Ra3+ Kc4 76.
Ra6 Kd4 77. Rxg6 Ke5 78. Rf6 Qh3+ 79. Kg7 Qh5 80. g6 Qg5 81. Rf8 Ke6 82. Re8+ Kd7 83. Rf8 Qe5+ 84. Kg8 Qe6+ 85. Rf7+ Ke8 86. Kg7 Qe5+ 87. Kh7 Qh5+ 88. Kg7 Qh4 89. Rf8+ Ke7 90. Rf7+ Ke6 91. Kg8 Qd8+ 92. Rf8 Qg5 93. g7 Ke7 94. Rf7+ Ke8 95. Rf8+ Ke7 96. Rf7+ Ke6 97. Rf8 Qg6 98. Ra8 Kd7 99. Ra5 Qe6+ 100. Kh7 Qe4+ 101. Kh6 Qh4+ 102. Rh5 Qf6+ 103. Kh7 Qf7 104. Rg5 Ke6 105. Kh8 Qf6 106. Rg1 Qh4+ 107. Kg8 Kf6 108. Kf8 Qb4+ 109. Kg8 Qc4+ 110. Kh7 Qh4+ 111. Kg8 Qc4+ 112. Kh7 Qh4+ 113. Kg8 Qh3 114. Re1 Qb3+ 115. Kh7 Qc2+ 116. Kg8 Qc4+ 117. Kh7 Qh4+ 118. Kg8 Qxe1 119. Kh8 Qh4+ 120. Kg8 Qg5 0-1

[Event "*** Titled Tuesday 3|2 Blitz"]
[Site "Chess.com"]
[Date "2017.05.02"]
[Round "9"]
[White "1random"]
[Black "BigMak2500"]
[Result "0-1"]
[WhiteElo "2296"]
[BlackElo "2387"]
[TimeControl "180+2"]
[EndTime "15:06:57 PDT"]
[Termination "BigMak2500 won by resignation"]

1. e4 c5 2. Nf3 d6 3. d4 cxd4 4. e5 dxe5 5. Nxe5 a6 6. Qh5 g6 7.
Bc4 e6 8. Qf3 Nf6 9. Bg5 Bg7 10.
O-O Nbd7 11. Nxd7 Bxd7 12. Qxb7 O-O 13. Nd2 h6 14. Bf4 Nh5 15. Bd6 Re8 16. Qe4 Rc8 17. Be5 Bc6 18. Qe2 Bb7 19. Bxg7 Kxg7 20. Bd3 Qf6 21. Ne4 Bxe4 22. Qxe4 Nf4 23. Bxa6 Rc5 24. Bd3 Rg5 25. g3 h5 26. Kh1 Nxd3 27. cxd3 Re5 28. Qxd4 Rd8 29. Qc3 Kh7 30. f4 Rf5 31. Qxf6 Rxf6 32.
a4 Rxd3 33. a5 Rd8 34. a6 Ra8 35. a7 Kg7 36. Rf3 e5 37. Kg2 exf4 38. Rxf4 Rb6 39. Ra2 Rb7 40. Rfa4 Kf6 41. b4 Ke7 42. Kf3 Kd7 43.
Ke4 Ke6 44. Kd4 Kd6 45. Kc4 Kc6 46. b5+ Kb6 47. Ra6+ Kc7 48. Kc5 Kc8 49. Rc6+ Kd8 50. Rd2+ Ke8 51. b6 Re7 52. Rc7 Re5+ 53. Kc6 Re6+ 54.
Kb7 Kf8 55. Kxa8 Re8+ 56. Kb7 Kg7 57. Rdd7 Rf8 58. Rxf7+ Rxf7 59. Rxf7+ Kxf7 60. Kc6 Kf6 61. b7 Kg5 62. a8=Q Kg4 63. b8=Q Kh3 64. Qa2 g5 65. Qe2 h4 66. Qf2 g4 67. gxh4 g3 68. hxg3 Kg4 69. Qg2 Kf5 70. Qbb2 Ke6 71. g4 Ke7 72. Qbf2 Kd8 73.
Qfg3 Ke7 74. g5 Kf8 75. h5 Kg7 76. g6 Kh6 77. Qh4 Kg7 78. Qhg5 Kf8 79. h6 Ke8 80. Qh5 Kd8 81. Qgh3 Ke7 82. Qh2 Kd8 83. Qh1 Kc8 84. Qg1 Kb8 85. Qg2 Ka7 86. Qf2+ Ka8 87. Qf1 Ka7 88. Qe1 Ka6 89. Qee2+ Ka7 90. Qd2 Ka6 91. Qdd1 Ka7 92. Qc1 Ka6 93. Qc2 Ka7 94. Qb2 Ka6 95.
Qb1 Ka7 96. Qb3 Ka6 97. Qh4 Ka7 98. Qbc4 Ka8 99. Qc3 Ka7 100. Qd3 Ka8 101. Qdd4 Kb8 102. Qde4 Ka8 103. Qe3 Kb8 104. Qf3 Ka8 105. Qff4 Ka7 106. Qfg4 Ka6 107. Qgh3 Ka7 108. h7 Ka6 109. Qh2 Ka7 110. Qh1 Ka6 111. Qg1 Ka5 112. Qg2 Ka6 113. Qgf2 Ka5 114. Qe1+ Ka6 115. Qf1+ Ka7 116. Qe2 Ka8 117. Qd2 Ka7 118. Qd1 Ka6 119. Qc1 Ka7 120. Qc2 Ka6 121. Qb2 Ka5 122. Qb1 Ka6 123. Qbb4 Ka7 124. Qb3 Ka6 125. Qbc4+ Ka7 126. Qc3 Ka6 127. Qcd4 Ka5 128. Qde4 Ka6 129. Qd3+ Ka5 130. Qe3 Ka6 131. Qee4 Ka5 132. Qef4 Ka6 133. Qf3 Ka5 134. Qfg3 Ka6 135. Qgg4 Ka7 136. Qgg5 Ka6 137. Qh3 Ka7 138. Qgh5 Kb8 139. Q5f5 Ka7 140. Qe5 Ka8 141. Qd5 Kb8 142. Qd1 Ka7 143. Qdh1 Kb8 144. Q3h2+ Ka7 145. Q1g1+ Ka8 146. Qf1 Ka7 147. Qe1 Ka8 148. Qd1 Ka7 149. Qc1 Ka8 150. Qb1 Ka7 151. Qbb2 Ka8 152. Qbc2 Ka7 153. Qcd2 Ka8 154. Qde2 Ka7 155. Qef2+ Ka8 156. Qfg2 Ka7 157. g7 Ka6 0-1

[Event "*** Titled Tuesday 3|2 Blitz"]
[Site "Chess.com"]
[Date "2017.05.02"]
[Round "10"]
[White "supertfc"]
[Black "pKiLz5Rn9b"]
[Result "1-0"]
[WhiteElo "2369"]
[BlackElo "2439"]
[TimeControl "180+2"]
[EndTime "15:09:11 PDT"]
[Termination "supertfc won by resignation"]

1. e4 e6 2. d4 d5 3. Nd2 Nf6 4.
e5 Nfd7 5. Bd3 c5 6. c3 Nc6 7.
Ne2 cxd4 8. cxd4 f6 9. exf6 Nxf6 10. Nf3 Qc7 11. O-O Bd6 12. h3 O-O 13. Nc3 a6 14.
Re1 Bd7 15. a3 Rae8 16. Bg5 e5 17. Bxf6 Rxf6 18. Nxd5 Qd8 19. Nxf6+ Qxf6 20. dxe5 Nxe5 21. Nxe5 Bxe5 22. Bc4+ Kf8 23. Qxd7 1-0

[Event "*** Titled Tuesday 3|2 Blitz"]
[Site "Chess.com"]
[Date "2017.05.02"]
[Round "10"]
[White "hypert"]
[Black "saraswathii"]
[Result "1-0"]
[WhiteElo "2326"]
[BlackElo "2246"]
[TimeControl "180+2"]
[EndTime "15:10:40 PDT"]
[Termination "hypert won by resignation"]

1. e4 c5 2. Nf3 e6 3. b3 Nc6 4.
Bb2 Nf6 5. e5 Ng4 6. h3 Nh6 7.
Bd3 Nb4 8. Be4 d5 9. exd6 Qxd6 10. a3 Nc6 11. O-O f5 12. Bxc6+ bxc6 13. d4 Nf7 14. Qe2 a5 15. Re1 Rg8 16. Nbd2 Be7 17.
Nc4 Qc7 18. Rad1 Bd7 19. Nfe5 Nxe5 20. Nxe5 Bc8 21. Qh5+ 1-0

[Event "*** Titled Tuesday 3|2 Blitz"]
[Site "Chess.com"]
[Date "2017.05.02"]
[Round "10"]
[White "XiaoKangZhong"]
[Black "Lawliet64"]
[Result "1/2-1/2"]
[WhiteElo "2016"]
[BlackElo "2008"]
[TimeControl "180+2"]
[EndTime "15:10:54 PDT"]
[Termination "Game drawn by agreement"]

1. e4 c5 2. Nf3 d6 3. Bb5+ Bd7 4. Bxd7+ Qxd7 5. O-O Nc6 6. c4 e6 7. Nc3 Nf6 8. d4 cxd4 9. Nxd4 Be7 10. f3 O-O 11. Be3 a6 12. a4 Rac8 13. b3 h6 14. Qd2 d5 15. cxd5 exd5 16. exd5 Nxd5 17. Nxd5 Qxd5 18. Nxc6 Qxc6 19. Rac1 Qg6 20. Rxc8 Rxc8 21. Qd7 Rc2 1/2-1/2

[Event "*** Titled Tuesday 3|2 Blitz"]
[Site "Chess.com"]
[Date "2017.05.02"]
[Round "10"]
[White "eldur16"]
[Black "matiss90"]
[Result "1-0"]
[WhiteElo "2451"]
[BlackElo "2359"]
[TimeControl "180+2"]
[EndTime "15:11:08 PDT"]
[Termination "eldur16 won by resignation"]

1. e4 c5 2. b3 Nf6 3. e5 Nd5 4.
Nf3 Nc6 5. Bb2 e6 6. Na3 Be7 7. Bb5 Qc7 8. O-O O-O 9. Re1 a6 10. Bf1 b5 11. c4 bxc4 12. Nxc4 Bb7 13. d4 cxd4 14. Nxd4 Nxd4 15. Bxd4 Nf4 16. Rc1 Rac8 17. Qg4 Nd5 18. Nd6 Bxd6 19. exd6 1-0

[Event "*** Titled Tuesday 3|2 Blitz"]
[Site "Chess.com"]
[Date "2017.05.02"]
[Round "10"]
[White "djano"]
[Black "WeiYi1999"]
[Result "1-0"]
[WhiteElo "2359"]
[BlackElo "2067"]
[TimeControl "180+2"]
[EndTime "15:11:46 PDT"]
[Termination "djano won by resignation"]

1. d4 Nf6 2. Bg5 e6 3. Nd2 c5 4. e4 cxd4 5. e5 h6 6. Bh4 g5 7. Bg3 Nd5 8. h4 Be7 9. hxg5 Bxg5 10. Ngf3 Nc6 11. Nxg5 Qxg5 12. Ne4 Qg6 13. Nd6+ Kf8 14. Bd3 Qg7 15. Qh5 Ndb4 16. Be4 b6 17. Rh4 Rg8 18. Rf4 Nxe5 19. Qxe5 f5 20. Qxg7+ Kxg7 21. Bxa8 1-0

[Event "*** Titled Tuesday 3|2 Blitz"]
[Site "Chess.com"]
[Date "2017.05.02"]
[Round "10"]
[White "cailinchetty"]
[Black "olgerts_indricans"]
[Result "0-1"]
[WhiteElo "1937"]
[BlackElo "2254"]
[TimeControl "180+2"]
[EndTime "15:12:51 PDT"]
[Termination "olgerts_indricans won by resignation"]

1. e3 g6 2. b3 Bg7 3. d4 d6 4.
Bb2 Nf6 5. c4 O-O 6. Nc3 e5 7. Bd3 exd4 8. exd4 Re8+ 9. Nge2 d5 10.
c5 Ng4 11. O-O Nc6 12. h3 Nh6 13. Na4 Bf5 14. Bb5 Bd7 15. Nac3 Nf5 16. Nb1 Qe7 17.
g4 Nfxd4 18. Nxd4 Nxd4 19. Bxd4 Bxb5 20. Nc3 Bxf1 21. Kxf1 c6 22. Bxg7 Kxg7 23. Qd2 Qxc5 24. h4 Re7 25. h5 Rae8 26. h6+ Kg8 27. Na4 Qd6 28. Qd4 Qe5 0-1

[Event "*** Titled Tuesday 3|2 Blitz"]
[Site "Chess.com"]
[Date "2017.05.02"]
[Round "10"]
[White "David_Klein"]
[Black "sorito"]
[Result "1-0"]
[WhiteElo "2495"]
[BlackElo "2370"]
[TimeControl "180+2"]
[EndTime "15:12:56 PDT"]
[Termination "David_Klein won on time"]

1. e4 c5 2. Nf3 a6 3. c3 e6 4. d4 d5 5. exd5 exd5 6. Bd3 Nc6 7. O-O c4 8. Re1+ Be7 9. Bc2 Bg4 10. h3 Bh5 11.
Nbd2 Nf6 12. Nf1 O-O 13. Ng3 Bg6 14. Bxg6 hxg6 15. Ne5 Rc8 16. Qf3 Bd6 17. Bf4 Qc7 18. Re2 Rcd8 19. Rae1 Rfe8 20. Nxc6 bxc6 21. Be5 Re6 22. Bxf6 Rxf6 23. Re8+ Rxe8 24. Rxe8+ Kh7 25. Qg4 Bxg3 26. fxg3 Rf5 27. Kh2 f6 28. Ra8 a5 29.
Qe2 Rg5 30. Qe3 Qb7 31. Qe8 1-0

[Event "*** Titled Tuesday 3|2 Blitz"]
[Site "Chess.com"]
[Date "2017.05.02"]
[Round "10"]
[White "Rodalquilar"]
[Black "stefanodinn"]
[Result "1-0"]
[WhiteElo "2540"]
[BlackElo "2232"]
[TimeControl "180+2"]
[EndTime "15:13:05 PDT"]
[Termination "Rodalquilar won on time"]

1. d4 Nf6 2. Bf4 d5 3. e3 e6 4. Nd2 Bd6 5. Bg3 b6 6. Ngf3 Ba6 7.
Bxa6 Nxa6 8. c4 O-O 9. Ne5 c5 10. O-O cxd4 11. exd4 Nc7 12. Rc1 Rc8 13. c5 bxc5 14.
dxc5 Bxe5 15. Bxe5 Na6 16. Bd6 Re8 17. Qa4 Nb8 18. Qxa7 Nc6 19. Qb6 Nd4 20. Qa6 Rc6 21.
Qd3 e5 22. Bxe5 1-0

[Event "*** Titled Tuesday 3|2 Blitz"]
[Site "Chess.com"]
[Date "2017.05.02"]
[Round "10"]
[White "BjarkeSahl"]
[Black "Aygehovit1992"]
[Result "0-1"]
[WhiteElo "2184"]
[BlackElo "2518"]
[TimeControl "180+2"]
[EndTime "15:13:45 PDT"]
[Termination "Aygehovit1992 won by resignation"]

1. d4 Nf6 2. Bg5 d5 3. e3 c5 4.
c3 e6 5. Nd2 Nc6 6. Bd3 h6 7.
Bh4 Be7 8. Ngf3 O-O 9. O-O a5 10. a3 c4 11. Bc2 b5 12. Bxf6 Bxf6 13. e4 Bd7 14. e5 Be7 15. h3 b4 16. Nh2 Qb6 17.
Ng4 Rfb8 18. Qf3 Bg5 19. Qd1 bxc3 20. bxc3 Qb2 21. f4 Be7 22. Rf3 Nxd4 23. cxd4 Qxd4+ 24. Kh2 Rb2 25. Rf2 Rxc2 26. Qxc2 Qxa1 0-1

[Event "*** Titled Tuesday 3|2 Blitz"]
[Site "Chess.com"]
[Date "2017.05.02"]
[Round "10"]
[White "Msb2"]
[Black "SerGo055"]
[Result "0-1"]
[WhiteElo "2558"]
[BlackElo "2416"]
[TimeControl "180+2"]
[EndTime "15:13:49 PDT"]
[Termination "SerGo055 won by resignation"]

1. d4 Nf6 2. c4 e6 3. Nf3 d6 4.
g3 b6 5. Bg2 Bb7 6. O-O Nbd7 7.
Re1 d5 8. cxd5 exd5 9. Nc3 Be7 10. Bf4 O-O 11. Rc1 c5 12. Nb5 Ne4 13. Nd2 Ndf6 14. Nxe4 dxe4 15. dxc5 Bxc5 16. Nd6 Bd5 17. Nc4 Rc8 18. Ne3 Bxa2 19. Qa4 Be6 20. Qxa7 Nh5 21. Qa4 Nxf4 22. gxf4 Bxe3 23. fxe3 Rxc1 24. Rxc1 Qd2 25.
Rc3 Qe1+ 26. Bf1 Bh3 0-1

[Event "*** Titled Tuesday 3|2 Blitz"]
[Site "Chess.com"]
[Date "2017.05.02"]
[Round "10"]
[White "FearlessKing64"]
[Black "Saitama_Hero"]
[Result "0-1"]
[WhiteElo "2158"]
[BlackElo "2280"]
[TimeControl "180+2"]
[EndTime "15:14:04 PDT"]
[Termination "Saitama_Hero won on time"]

1. e4 c5 2. Nf3 e6 3. c4 a6 4. Nc3 Nc6 5. Be2 Nf6 6. O-O Qc7 7.
d4 cxd4 8. Nxd4 h5 9. Nxc6 dxc6 10.
f4 Bc5+ 11. Kh1 e5 12. fxe5 Ng4 13. Bf4 Nf2+ 14. Rxf2 Bxf2 15. Qf1 Bd4 16. e6 Qe7 17. exf7+ Qxf7 18. Rd1 Bxc3 19. bxc3 O-O 20. g3 Be6 21. h4 Rae8 22. Qg2 Bxc4 23. Bf3 Be6 24. Rd6 Bg4 25.
Bxg4 hxg4 26. e5 Qc4 27. Qd2 Qe4+ 28. Kh2 Rf7 29. a3 Ref8 30. e6 Re7 31. Qa2 Kh7 32.
Bg5 Rf1 0-1

[Event "*** Titled Tuesday 3|2 Blitz"]
[Site "Chess.com"]
[Date "2017.05.02"]
[Round "10"]
[White "AkshatChandra"]
[Black "Alexander_Moskalenko"]
[Result "1/2-1/2"]
[WhiteElo "2754"]
[BlackElo "2690"]
[TimeControl "180+2"]
[EndTime "15:14:09 PDT"]
[Termination "Game drawn by repetition"]

1. d4 d5 2. Nf3 Nf6 3. Bf4 e6 4. e3 c5 5. c3 Nc6 6. Nbd2 Nh5 7. Bg5 Qb6 8. Qc2 h6 9. Bh4 g5 10. Bg3 Nxg3 11. hxg3 Bg7 12. Be2 Bd7 13. a3 Rc8 14. Rc1 cxd4 15. Nxd4 Bxd4 16. cxd4 Nxd4 17. Qxc8+ Bxc8 18. Rxc8+ Kd7 19. Rxh8 Nc2+ 20. Kd1 Qxb2 21. R1xh6 Nxa3 22.
Bd3 b5 23. Rb8 Qc3 24. Ke2 Nc4 25. Nxc4 bxc4 26. Bb1 a5 27. Rh7 Kc7 28. Rhh8 a4 29. Rhd8 a3 30. Rbc8+ Kb7 31. Rb8+ Kc7 32. Rbc8+ Kb7 33.
Rb8+ Kc7 1/2-1/2

[Event "*** Titled Tuesday 3|2 Blitz"]
[Site "Chess.com"]
[Date "2017.05.02"]
[Round "10"]
[White "Wolverine_master"]
[Black "ehrenfeld"]
[Result "0-1"]
[WhiteElo "1941"]
[BlackElo "2374"]
[TimeControl "180+2"]
[EndTime "15:14:13 PDT"]
[Termination "ehrenfeld won on time"]

1. e4 d6 2. d4 g6 3. c4 e5 4. d5 Bg7 5. Nc3 Nf6 6. h3 O-O 7.
Nf3 a5 8. g4 Na6 9. Be3 c6 10.
Rg1 cxd5 11. cxd5 Bd7 12. Be2 Rc8 13. Qd2 Nc5 14. Bxc5 Rxc5 15. Ng5 b5 16. Bd3 b4 17. Ne2 Qc7 18. Rc1 Rxc1+ 19. Qxc1 Rc8 20. Qxc7 Rxc7 21. Kd2 Bh6 22. h4 Nxg4 23. Rg2 f6 24. f3 fxg5 25.
fxg4 gxh4+ 26. Ke1 Be3 27. Rh2 Bg5 28. Rg2 Kg7 29. Ng1 Rc1+ 30. Kf2 Bf4 31. Nh3 Bg3+ 32. Kf3 h5 33. Nf2 Bxf2 0-1

[Event "*** Titled Tuesday 3|2 Blitz"]
[Site "Chess.com"]
[Date "2017.05.02"]
[Round "10"]
[White "pawnwonder"]
[Black "politeplayer"]
[Result "0-1"]
[WhiteElo "1819"]
[BlackElo "2052"]
[TimeControl "180+2"]
[EndTime "15:14:38 PDT"]
[Termination "politeplayer won by checkmate"]

1. e4 g6 2. d4 Bg7 3. Nc3 d6 4.
f3 Nc6 5. Be3 e5 6. d5 Nd4 7.
Nge2 c5 8. dxc6 Nxc6 9. Qd2 Be6 10.
O-O-O Qa5 11. Kb1 Nge7 12. a3 O-O 13. h4 b5 14. Na2 b4 15. Nxb4 Nxb4 16. Qxb4 Qc7 17.
Qxd6 Qb7 18. Qb4 Qc7 19. h5 Rab8 20. Qc3 Nc6 21. hxg6 hxg6 22. Bh6 Bxh6 23. Rxh6 Rfc8 24. Qe3 Nd4 25. Rc1 Qc4 26. Nc3 Rxb2+ 27. Kxb2 Rb8+ 28. Ka1 Qxf1 29. Rxf1 Nxc2# 0-1

[Event "*** Titled Tuesday 3|2 Blitz"]
[Site "Chess.com"]
[Date "2017.05.02"]
[Round "10"]
[White "Ilja_Semjonovs"]
[Black "GameOverBro"]
[Result "1-0"]
[WhiteElo "2255"]
[BlackElo "2299"]
[TimeControl "180+2"]
[EndTime "15:14:42 PDT"]
[Termination "Ilja_Semjonovs won by resignation"]

1. e4 d6 2. d4 Nf6 3. Nc3 e5 4.
Nge2 Nbd7 5. g3 c6 6. Bg2 Be7 7.
O-O b5 8. Be3 Bb7 9. f3 O-O 10.
g4 h6 11. Qd2 Nh7 12. Nd1 Bg5 13. c3 Qe7 14. h3 c5 15. dxc5 Nxc5 16. Bxg5 Nxg5 17.
Ne3 g6 18. Rad1 Rfd8 19. Nd5 Bxd5 20. Qxd5 Nge6 21. b4 Nc7 22. Qd2 Na4 23. Qxh6 d5 24. f4 d4 25. cxd4 exd4 26. f5 d3 27. fxg6 f6 28. Nf4 Nc3 29. Nh5 Ne2+ 30. Kh1 Ne8 31. g7 Nxg7 32. Nxf6+ Kf7 33. Nd5+ Ke8 34. Nxe7 Ng3+ 35.
Kh2 1-0

[Event "*** Titled Tuesday 3|2 Blitz"]
[Site "Chess.com"]
[Date "2017.05.02"]
[Round "10"]
[White "Indianlad"]
[Black "bilelou"]
[Result "0-1"]
[WhiteElo "2641"]
[BlackElo "2443"]
[TimeControl "180+2"]
[EndTime "15:14:46 PDT"]
[Termination "bilelou won by resignation"]

1. d4 d5 2. c4 e6 3. Nf3 Nf6 4. g3 Bb4+ 5. Bd2 Be7 6. Bg2 O-O 7. O-O Nbd7 8. Na3 c6 9. Rc1 Ne4 10. Be1 f5 11. e3 Ndf6 12. Ne5 Bd7 13. b4 a5 14. c5 axb4 15. Bxb4 Ng5 16. Qb3 Bc8 17. Nb1 Qe8 18. Nd2 Nf7 19. Nd3 g5 20. Nf3 Nd7 21.
Bc3 g4 22. Nd2 h5 23. Nf4 Ng5 24. f3 Nf6 25. fxg4 hxg4 26. a4 Kg7 27. Rf2 Rh8 28. Rcf1 Qg8 29. a5 Bd8 30. e4 fxe4 31. Re1 Qh7 32. Nf1 Nf3+ 33. Bxf3 gxf3 34. h3 Bc7 35. Bd2 Ng4 36. Rxf3 Bxf4 37. Bxf4 Qxh3 38. Be5+ Nxe5 39. dxe5 Qh1+ 40. Kf2 Qxf3+ 0-1

[Event "*** Titled Tuesday 3|2 Blitz"]
[Site "Chess.com"]
[Date "2017.05.02"]
[Round "10"]
[White "JSMastropiero"]
[Black "TricksOnly"]
[Result "0-1"]
[WhiteElo "2205"]
[BlackElo "2383"]
[TimeControl "180+2"]
[EndTime "15:15:17 PDT"]
[Termination "TricksOnly won by resignation"]

1. d4 d5 2. c4 e5 3. e3 exd4 4. exd4 Nf6 5. Nc3 Bb4 6. Bd3 O-O 7. Ne2 dxc4 8. Bxc4 c6 9. O-O Nbd7 10.
Bg5 Nb6 11. Bb3 Qd6 12. h3 Bf5 13. a3 Bxc3 14. bxc3 Ne4 15. Bf4 Qg6 16. Kh2 Rad8 17. f3 Nd6 18. a4 Rfe8 19. Bxd6 Qxd6+ 20. Kh1 Re3 21. Qd2 Rde8 22. Ng1 Rd3 23. Qc1 h6 24. Re1 Rxe1 25. Qxe1 Nd5 26. Rc1 Re3 27. Qd2 Qe7 28. c4 Nf4 29. Bc2 Bxc2 30. Qxc2 Qg5 31. Qf2 Nd3 32.
Qd2 Nxc1 33. Qxc1 Rd3 34. Qb2 Rd2 0-1

[Event "*** Titled Tuesday 3|2 Blitz"]
[Site "Chess.com"]
[Date "2017.05.02"]
[Round "10"]
[White "roldieyi"]
[Black "heartofatiger"]
[Result "0-1"]
[WhiteElo "2097"]
[BlackElo "1983"]
[TimeControl "180+2"]
[EndTime "15:15:24 PDT"]
[Termination "heartofatiger won by resignation"]

1. d4 d5 2. Nf3 e6 3. c4 Nf6 4. Bg5 Be7 5. Nc3 O-O 6. c5 b6 7. b4 a5 8. a3 axb4 9. axb4 Rxa1 10. Qxa1 Nc6 11. Qb2 bxc5 12. bxc5 Ba6 13. e3 Bxf1 14. Kxf1 Qa8 15. g3 Rb8 16. Qd2 Ne4 17. Nxe4 dxe4 18.
Ne5 Bxg5 19. Nxc6 Rb1+ 20. Kg2 Rxh1 21. Kxh1 Qxc6 22. Qc2 f5 23. h4 Be7 24. Qb3 Kf7 25. Kg2 Qd5 26. Qb8 c6 27. Qh8 h6 28. Qh7 Qd8 29. h5 Qg8 30. Qg6+ Kf8 31. g4 Qf7 32. Qh7 fxg4 33. Qxe4 Qxh5 34. Qxc6 Qd5+ 35. Qxd5 exd5 36. Kg3 h5 37. Kf4 Kf7 38. e4 Ke6 39. e5 g5+ 40.
Kg3 Bxc5 41. dxc5 Kxe5 42. f3 gxf3 43. Kxf3 d4 44. c6 Kd6 45. Ke4 Kxc6 46. Kxd4 Kd6 47.
Ke4 Ke6 48. Kf3 0-1